 Dungeon Crawl Stone Soup version 0.30-a0-272-gf98c3da03f (webtiles) character file.

Game seed: 6692790605756396779

952 koil the Sneak (level 7, 0/34 (35) HPs)
             Began as a Spriggan Enchanter on Oct 15, 2022.
             Slain by a wight
             ... wielding a +3 halberd
              (10 damage)
             ... on level 6 of the Dungeon on Oct 16, 2022.
             The game lasted 00:19:13 (5403 turns).

koil the Sneak (Spriggan Enchanter)                 Turns: 5403, Time: 00:19:13

HP:   0/34 (35)     AC:  3    Str:  4    XL:     7   Next: 90%
MP:   8/15          EV: 20    Int: 16    God:
Gold: 295           SH:  0    Dex: 18    Spells: 10/15 levels left

rFire   . . .      SeeInvis +    a - +1 dagger
rCold   . . .      Faith    .    (no shield)
rNeg    . . .      Spirit   .    b - +0 robe
rPois   .          Reflect  .    (helmet restricted)
rElec   .          Harm     .    m - +0 cloak
rCorr   .          Rampage  .    (gloves unavailable)
Will    +....                    (boots unavailable)
Stlth   ++++......               (no amulet)
HPRegen 0.25/turn                (no ring)
MPRegen 0.14/turn                (no ring)

@: confusing by touch, lightly drained, very quick
A: very small, no large weapons, unfitting armour, see invisible, speed 3
a: no special abilities


You were on level 6 of the Dungeon.
You visited 1 branch of the dungeon, and saw 6 of its levels.

You collected 295 gold pieces.

Inventory:

Hand Weapons
 a - a +1 dagger (weapon)
Missiles
 k - 19 poisoned darts (quivered)
Armour
 b - a +0 robe (worn)
 m - a +0 cloak (worn)
Magical Staves
 h - a staff of cold
Jewellery
 y - a ring of magical power
 z - a ring of positive energy
 A - a ring of ice
Wands
 q - a wand of flame (32)
 v - a wand of roots (6)
 x - a wand of acid (4)
Scrolls
 d - a scroll of blinking {unknown}
 f - a scroll of vulnerability {unknown}
 g - a scroll of poison {unknown}
 i - 7 scrolls of identify {unknown}
 j - 2 scrolls of amnesia {unknown}
 l - a scroll of butterflies {unknown}
 r - 4 scrolls of teleportation {unknown}
 s - a scroll of brand weapon {unknown}
 u - a scroll of magic mapping {unknown}
 B - a scroll of enchant weapon {unknown}
Potions
 c - 2 potions of invisibility
 e - a potion of heal wounds {unknown}
 n - a potion of flight {unknown}
 o - 3 potions of might {unknown}
 p - 2 potions of curing {unknown}
 t - a potion of degeneration {unknown}
 w - a potion of attraction {unknown}


   Skills:
 + Level 2.7 Fighting
 + Level 3.7 Short Blades
 + Level 5.2 Dodging
 + Level 7.1 Stealth
 + Level 4.9 Spellcasting
 + Level 5.5 Hexes
 + Level 3.4 Evocations


You had 10 spell levels left.
You knew the following spells:

 Your Spells              Type           Power      Damage    Failure   Level
a - Ensorcelled Hibernat  Hex/Ice        24%        N/A       8%          2
b - Confusing Touch       Hex            21%        N/A       4%          3

Your spell library contained the following spells:

 Spells                   Type           Power      Damage    Failure   Level
 Tukima's Dance           Hex            21%        N/A       4%          3
 Dazzling Flash           Conj/Hex       24%        N/A       16%         3


Dungeon Overview and Level Annotations

Branches:
Dungeon (6/15)
 Temple: D:4-7

Altars:
Qazlal
Uskayaw
Wu Jian

Shops:
D:5 :


Innate Abilities, Weirdness & Mutations

You are very small and have problems with some larger weapons.
You are too small for most types of armour.
You have supernaturally acute eyesight. (SInv)
You cover ground extremely quickly. (Speed+++)


Message History

The wight barely misses the wight.
The wight completely misses you.
You catch the helpless wight completely off-guard!
You puncture the wight!
The wight is almost destroyed.
The wight hits the wight with a +0 falchion.
The wight barely misses itself.
The wight closely misses you.
You hit the wight but do no damage.
The wight is almost destroyed.
The wight closely misses you.
You hit the wight but do no damage.
The wight is almost destroyed.
You catch the helpless wight completely off-guard!
You impale the wight!!
You destroy the wight!
The wight completely misses you.
You hit the wight but do no damage. The wight closely misses you.
The wight hits you from afar with a +3 halberd.
You feel drained.
Casting: Confusing Touch (dangerous; 4% risk of failure)
Confirm with . or Enter, or press ? or * to list all spells.
Your hands begin to glow red.
The wight hits you with a +4 great sword!
You feel drained.
* * * LOW HITPOINT WARNING * * *
The wight barely misses you.
You hit the wight but do no damage.
The wight appears confused.
You strike the helpless wight from behind!
You impale the wight!!
You destroy the wight!
The wight misses you.
Casting: Confusing Touch (dangerous; 4% risk of failure)
Confirm with . or Enter, or press ? or * to list all spells.
Your hands begin to glow red.
The wight completely misses you. The wight barely misses you.
Things that are here:
a +4 great sword; a +0 robe You barely miss the wight.
The wight is moderately damaged.
The wight hits you with a +3 halberd!
You die...

#.#.......#
#.#.###†###
#.#...#.# # #
#.###.#.#
#.##.#.# #.#.#
#....#.###.#.#
#..........#.#
#.####.#####.#
#.z@....#
#########


You could see a wight.

Vanquished Creatures
  A black bear (D:4)
  2 phantoms
  A kobold brigand (D:6)
  A bullfrog (D:6)
  A scorpion (D:3)
  2 wights (D:6)
  A gnoll bouda (D:4)
  Natasha (twice) (D:2)
  An iguana (D:4)
  2 orc wizards (D:4)
  8 adders
  7 gnolls
  A white imp (D:3)
  An ufetubus (D:5)
  3 worms
  4 dart slugs
  7 orcs
  6 ball pythons
  7 bats
  6 endoplasms
  2 giant cockroaches
  5 goblins
  3 jackals (D:3)
  11 kobolds
  5 quokkas
  7 frilled lizards
  7 rats
104 creatures vanquished.

Notes
Turn   | Place    | Note
-------+----------+-------------------------------------------
     0 | D:1      | koil the Spriggan Enchanter began the quest for the Orb.
     0 | D:1      | Reached XP level 1. HP: 9/9 MP: 5/5
   154 | D:1      | Reached XP level 2. HP: 13/13 MP: 6/6
   157 | D:1      | Learned a level 2 spell: Ensorcelled Hibernation
   757 | D:1      | Reached XP level 3. HP: 17/17 MP: 8/8
   761 | D:1      | Learned a level 3 spell: Confusing Touch
  1180 | D:2      | Reached skill level 1 in Fighting
  1242 | D:2      | Reached skill level 5 in Stealth
  1253 | D:2      | Reached XP level 4. HP: 14/22 MP: 9/9
  1330 | D:2      | Noticed Natasha
  1336 | D:2      | Killed Natasha
  1419 | D:2      | Noticed Natasha
  1429 | D:2      | Killed Natasha
  1791 | D:3      | Reached XP level 5. HP: 12/25 MP: 8/11
  1982 | D:3      | You fall into a shaft and drop 1 floor!
  2021 | D:4      | Noticed a phantom
  2026 | D:4      | Killed a phantom
  2027 | D:4      | Reached skill level 1 in Evocations
  2261 | D:4      | Reached XP level 6. HP: 23/30 MP: 7/12
  2605 | D:3      | Found a hide-covered altar of Uskayaw.
  2985 | D:3      | Reached skill level 6 in Stealth
  4295 | D:5      | Entered Level 5 of the Dungeon
  4303 | D:5      | Found Noidin's Book Shoppe.
  4501 | D:4      | Reached skill level 5 in Hexes
  4501 | D:4      | Reached XP level 7. HP: 23/35 MP: 7/14
  4584 | D:5      | Found an ornate altar of the Wu Jian Council.
  4783 | D:5      | Found a stormy altar of Qazlal.
  5312 | D:6      | Reached skill level 5 in Dodging
  5312 | D:6      | Reached skill level 7 in Stealth
  5403 | D:6      | Slain by a wight

Illustrated notes

Levels and vault maps discovered:
D:1:      dreamdust_arrival_beginning_and_end, layout_loops_ring
D:2:      layout_basic, uniq_natasha
D:3:      layout_loops_ring, lemuel_tele_altar
D:4:      layout_layer_cave
D:5:      layout_rooms, mainiacjoe_overflow_small_starburst,
          nicolae_qazlal_eye_of_the_storm, serial_shops, shop,
          hangedman_glass_teeth, mrwooster_statue_mirror,
          kennysheep_generic_room_4
D:6:      layout_basic, minmay_temple_entry_crystal_x, nicolae_shop_firing_range

Skill      XL: |  1  2  3  4  5  6  7 |
---------------+----------------------+-----
Dodging        | 3 4 5 |  5.2
Spellcasting   | 3 4 |  4.9
Hexes          | 4 5 |  5.5
Fighting       | 1 2 |  2.7
Stealth        | 5 6 7 |  7.1
Short Blades   | 2 3 |  3.7
Evocations     | 1 2 3 |  3.4

Action                   |  1- 3 |  4- 6 |  7- 9 || total
-------------------------+-------+-------+-------++-------
Melee: Dagger            |   131 |   162 |    77 ||   370
       Punch             |       |     2 |       ||     2
 Cast: Ensorcelled Hiber |     2 |    40 |    18 ||    60
       Confusing Touch   |       |     1 |     7 ||     8
 Stab: Sleeping          |    13 |    32 |     6 ||    51
       Confused          |       |     1 |     6 ||     7
Armor: Robe              |    12 |    23 |     6 ||    41
Dodge: Dodged            |    98 |   137 |    67 ||   302

Table legend: (Time is in decaauts)
 A = Elapsed time spent in this place.
 B = Non-inter-level travel time spent in this place.
 C = Inter-level travel time spent in this place.
 D = Time resting spent in this place.
 E = Time spent auto-exploring this place.
 F = Levels seen in this place.
 G = Mean time per level.
                   A        B        C        D        E       F      G
               +--------+--------+--------+--------+--------+-----+--------+
         Total |   3908 |   3737 |    171 |    288 |   2575 |   6 |  651.3 |
       Dungeon |   3908 |   3737 |    171 |    288 |   2575 |   6 |  651.3 |
               +--------+--------+--------+--------+--------+-----+--------+

Top non-repeatable levels by time:
     D:4: 1168 daAuts
     D:3: 744 daAuts
     D:1: 647 daAuts
     D:2: 579 daAuts
     D:5: 549 daAuts
     D:6: 220 daAuts
